Map: Galactic Process LE

Players

VileSynC - Winner!

  • Race: Zerg Zerg
  • League: Master
  • Spawn Location: 1:00

JonSnow

  • Race: Zerg Zerg
  • League: Grandmaster
  • Spawn Location: 7:00

VOD

Have the link to the VOD?

Description

Time

  • Played on: Nov. 12, 2016, 5:48 p.m.
  • Length: 11:46
Show
View Real Time Build Order
Export as new Build Order

VileSynC Zerg - Winner!

Build Orders: Hatch First, Zergling Baneling 

Get SALT Encoding   

  12  0:01  Drone  
  13  0:13  Overlord  
  13  0:17  Drone  
  14  0:31  Drone x2  
  14  0:35  Drone  
  17  0:52  Hatchery  
  17  0:55  Drone  
  17  0:59  Drone  
  18  1:05  Extractor  
  17  1:14  Spawning Pool  
  17  1:17  Drone  
  17  1:21  Drone  
  18  1:29  Drone  
  19  1:40  Overlord  
  19  1:50  Drone  
  20  2:00  Queen  
  22  2:01  Zergling x2  
  22  2:03  Queen  
  22  2:05  Metabolic Boost  
  25  2:09  Drone  
  25  2:13  Drone  
  27  2:16  Drone  
  28  2:24  Drone  
  28  2:25  Drone  
  30  2:33  Zergling x2  
  31  2:46  Hatchery  
  30  2:51  Drone, Baneling Nest  
  30  2:52  Drone  
  30  2:55  Zergling x2  
  30  2:57  Zergling x2  
  32  3:03  Zergling x2  
  33  3:06  Overlord  
  33  3:15  Zergling x2  
  33  3:16  Zergling x4  
  35  3:20  Overlord  
  35  3:25  Zergling x8  
  39  3:30  Zergling x2  
  40  3:38  Baneling x2  
  40  3:40  Baneling  
  40  3:41  Baneling  
  40  3:44  Zergling x10  
  45  3:56  Drone x3  
  45  4:00  Roach Warren  
  46  4:09  Zergling x6  
  47  4:10  Zergling x2  
  47  4:16  Zergling x4  
  46  4:21  Baneling x2  
  46  4:22  Baneling  
  46  4:24  Overlord  
  45  4:25  Drone  
  45  4:30  Zergling x6  
  47  4:35  Zergling x6  
  45  4:46  Zergling x4  
  45  4:47  Zergling x2  
  45  4:48  Drone  
  46  4:54  Roach  
  46  4:55  Roach  
  46  4:59  Baneling x3  
  48  5:01  Roach x2  
  52  5:11  Roach x4  
  54  5:23  Drone x3  
  54  5:25  Extractor  
  55  5:32  Roach x2  
  55  5:34  Zergling x8  
  59  5:38  Baneling  
  59  5:41  Drone  
  59  5:48  Baneling  
  59  5:51  Drone x2  
  59  5:52  Drone  
  62  6:01  Baneling  
  62  6:03  Drone x3, Overlord  
  65  6:12  Zergling x6  
  65  6:17  Zergling x4  
  65  6:22  Roach x4  
  61  6:28  Roach x3  
  65  6:33  Baneling  
  65  6:36  Zergling x6  
  68  6:41  Zergling x4  
  68  6:47  Queen  
  68  6:48  Queen  
  72  6:57  Drone x2  
  72  6:58  Overlord  
  73  7:01  Overlord  
  73  7:04  Lair  
  73  7:06  Drone, Extractor  
  73  7:07  Drone  
  74  7:08  Overlord  
  74  7:14  Baneling  
  74  7:19  Drone x6  
  77  7:23  Drone x4  
  79  7:30  Drone x2  
  81  7:39  Evolution Chamber  
  81  7:40  Drone x2  
  81  7:43  Extractor  
  81  7:47  Overlord  
  81  7:51  Baneling x3  
  81  7:53  Roach x2  
  81  7:54  Roach x2  
  89  8:03  Overlord  
  89  8:05  Zerg Missile Weapons Level 1, Glial Reconstitution  
  88  8:06  Drone x3  
  88  8:07  Drone x4  
  88  8:09  Extractor  
  88  8:11  Extractor  
  93  8:16  Drone x2  
  95  8:20  Overlord  
  95  8:21  Drone x2  
  95  8:26  Drone x2  
  99  8:32  Spire  
  98  8:34  Overlord  
  98  8:43  Roach x7  
  112  8:52  Overlord x2  
  111  9:01  Overlord x2  
  111  9:06  Roach x4  
  111  9:08  Overlord  
  119  9:14  Roach x3  
  125  9:32  Hatchery  
  125  9:33  Spine Crawler  
  123  9:46  Mutalisk  
  123  9:47  Mutalisk x7  
  139  9:55  Overlord  
  133  10:00  Mutalisk x2  
  133  10:03  Overlord x2  
  133  10:09  Ravager  
  133  10:11  Roach x5  
  133  10:12  Roach x4  
  141  10:18  Roach  
  141  10:19  Roach x3  
  122  10:27  Drone x2  
  122  10:28  Drone  
  112  10:33  Mutalisk  
  106  10:36  Drone  
  106  10:42  Drone  
  108  10:48  Drone  
  109  10:50  Drone x2  
  109  10:51  Drone  
  112  11:00  Roach  
  112  11:01  Roach x2  
  112  11:06  Roach  
  110  11:18  Roach  
  110  11:19  Roach x8  
  110  11:23  Roach  
  126  11:27  Drone x2  
  126  11:28  Drone  
Show
View Real Time Build Order
Export as new Build Order

JonSnow Zerg 

Build Orders: Hatch First 

Get SALT Encoding   

  12  0:00  Drone  
  13  0:17  Overlord  
  13  0:18  Drone  
  14  0:35  Drone x2  
  14  0:42  Drone  
  17  0:54  Hatchery  
  16  0:58  Drone  
  17  1:04  Extractor  
  16  1:14  Spawning Pool  
  16  1:17  Drone  
  16  1:21  Drone  
  17  1:31  Overlord  
  17  1:35  Drone  
  18  1:49  Drone  
  19  2:00  Queen  
  21  2:02  Zergling x2  
  21  2:06  Queen  
  21  2:07  Zergling x2  
  25  2:10  Metabolic Boost  
  25  2:21  Drone x2  
  25  2:22  Drone  
  28  2:27  Drone  
  29  2:34  Drone  
  30  2:37  Drone  
  31  2:48  Drone x2  
  33  3:01  Drone x2, Hatchery  
  33  3:14  Baneling Nest  
  33  3:17  Overlord  
  33  3:18  Overlord  
  32  3:25  Zergling x6  
  35  3:35  Overlord  
  35  3:40  Zergling x10  
  40  3:47  Zergling x6  
  43  3:54  Zergling x8  
  43  4:03  Zergling x4  
  35  4:19  Baneling x3  
  35  4:22  Zergling x4  
  35  4:23  Zergling x10  
  40  4:35  Baneling x2  
  39  4:39  Queen  
  38  4:51  Zergling x12  
  40  5:01  Baneling x3  
  40  5:04  Queen  
  42  5:09  Zergling x2  
  42  5:10  Zergling x6  
  42  5:12  Drone  
  43  5:29  Zergling x12  
  46  5:38  Zergling x6  
  46  5:41  Queen  
  50  5:43  Zergling x2  
  50  5:45  Baneling x5  
  51  5:54  Zergling x6  
  54  5:59  Evolution Chamber  
  54  6:01  Baneling x6  
  53  6:04  Zergling x2  
  53  6:05  Zergling x2  
  46  6:22  Zergling x16  
  50  6:30  Zerg Melee Weapons Level 1  
  49  6:33  Drone x3  
  46  6:55  Extractor  
  46  6:56  Zergling x14  
  46  6:57  Roach Warren  
  51  7:06  Zergling x2  
  51  7:07  Zergling x8  
  56  7:09  Baneling x3  
  56  7:10  Baneling  
  56  7:11  Baneling  
  56  7:12  Baneling  
  56  7:13  Baneling  
  52  7:30  Overlord  
  52  7:33  Overlord  
  52  7:36  Roach  
  52  7:37  Roach x2  
  58  7:38  Zergling x4  
  60  7:46  Drone x3  
  60  7:48  Drone  
  64  7:51  Drone  
  64  7:56  Extractor  
  64  8:03  Drone x4  
  66  8:14  Drone x5  
  66  8:18  Overlord  
  70  8:33  Roach x4  
  78  8:35  Roach  
  78  8:39  Roach  
  78  8:40  Roach  
  84  8:43  Overlord  
  84  8:49  Overlord  
  84  8:50  Roach  
  85  8:58  Overlord  
  85  8:59  Ravager  
  85  9:00  Ravager x3  
  85  9:02  Overlord  
  89  9:03  Overlord  
  89  9:12  Ravager  
  89  9:14  Overlord  
  90  9:20  Overlord  
  90  9:22  Roach x3  
  90  9:23  Ravager  
  97  9:28  Zergling x2  
  97  9:29  Zergling x12  
  104  9:40  Zergling x12  
  104  9:42  Ravager x2  
  112  9:55  Zergling x10  
  112  9:56  Zergling x8  
  115  10:13  Zergling x16  
  115  10:17  Zergling x2  
  115  10:18  Zergling x10  
  102  10:28  Queen  
  82  10:42  Lair  
  78  10:44  Extractor  
  78  10:45  Spore Crawler  
  78  10:46  Spore Crawler  
  78  10:48  Spore Crawler x2  
  70  10:54  Queen  
  70  10:55  Zergling x2  
  70  10:56  Zergling x4  
  71  11:03  Zergling x8  
  67  11:12  Spore Crawler  
  67  11:13  Spore Crawler  
Tags
 
Add a new tag
Caveats
  • Supply blocks, unpowered buildings, or Contaminate may cause inaccurate times.
  • Supply counts are checked every 10 seconds.